 Dungeon Crawl Stone Soup version 0.28.0-47-ge53b351184 (webtiles) character file.

Game seed: 3878480366938694261

40 NinjaNoafa the Chopper (level 3, -5/33 HPs)
             Began as a Hill Orc Monk on Apr 28, 2022.
             Slain by a gnoll
             ... wielding a +0 flail
              (8 damage)
             ... on level 2 of the Dungeon.
             The game lasted 00:01:36 (886 turns).

NinjaNoafa the Chopper (Hill Orc Monk)               Turns: 886, Time: 00:01:36

Health: -5/33      AC:  6    Str: 15    XL:     3   Next: 50%
Magic:  3/3        EV: 10    Int: 10    God:
Gold:   0          SH:  0    Dex: 13    Spells: 2/2 levels left

rFire   . . .      SeeInvis .   j - +1 whip (venom)
rCold   . . .      Faith    .   (no shield)
rNeg    . . .      Spirit   .   d - +0 scale mail
rPois   .          Reflect  .   (no helmet)
rElec   .          Harm     .   (no cloak)
rCorr   .          Rampage  .   (no gloves)
Will    .....                   (no boots)
Stlth   ..........              (no amulet)
HPRegen 0.11/turn               (no ring)
MPRegen 0.08/turn               (no ring)

@: mighty, brilliant, attractive
A: no striking features
a: no special abilities


You were on level 2 of the Dungeon.
You visited 1 branch of the dungeon, and saw 2 of its levels.

Inventory:

Hand Weapons
 a - a +0 hand axe
 j - a +1 whip of venom (weapon)
Missiles
 k - 6 javelins (quivered)
Armour
 d - a +0 scale mail (worn)
Scrolls
 b - a scroll of magic mapping {unknown}
 f - a scroll of vulnerability {unknown}
Potions
 e - a potion of brilliance
 h - a potion of curing {unknown}
 i - a potion of berserk rage {unknown}


   Skills:
 + Level 4.1 Fighting
 - Level 4.5 Axes
 * Level 0.0(2.2) Maces & Flails
 * Level 2.1 Armour
 - Level 2.4 Dodging
 - Level 1.5 Stealth


You had 2 spell levels left.
You didn't know any spells.
Your spell library was empty.

Dungeon Overview and Level Annotations

Branches:
Dungeon (1/15)

Altars:

Shops:
D:1 [


Message History

The gnoll hits you but does no damage.
You are more poisoned.
You slash the gnoll!
You kill the gnoll!
You feel very sick.
Your Armour skill increases to level 2!
You feel very sick.
Things that are here:
a +1 whip of venom; a gnoll corpse
j - a +1 whip of venom You feel sick.
Okay, then.
Your +1 whip of venom begins to drip with poison!
j - a +1 whip of venom (weapon)
You feel sick.
You feel sick.
A gnoll comes into view. It is wielding a +0 flail.
You feel sick.
The gnoll shouts!
You feel sick.
A gnoll comes into view. It is wielding a +2 vampiric spear.
You see here 6 javelins.
k - 6 javelins You feel sick.
The gnoll shouts!
You hear a shout!
It was a potion of attraction.
You feel attractive to monsters.
You feel sick. The gnoll is attracted toward you. x2
Found a short sword.
You feel sick. The gnoll closely misses you.
A gnoll comes into view. It is wielding a +0 spear.
The gnoll is attracted toward you. x3
It was a potion of brilliance.
You feel clever all of a sudden.
You feel sick.
You are no longer poisoned.
The gnoll closely misses you. The gnoll is attracted toward you. x2
It was a potion of might.
You feel very mighty all of a sudden. The gnoll closely misses you.
The gnoll hits you with a +0 flail!
You die...

.#.# ###.##### .#.# #.#
...# #.#### #..#
###.##.## #.##
#.......##
#.######.#......##
......##.#.......######)
#####.##................
##.............g@##
...##.#....!.§gg##
......#.#§##†.§##
#.#####.#. #.§## #.# #
#. #.## ... ## #§# ...#
..# ...# §### ...# #.


You could see 3 gnolls.

Vanquished Creatures
  A gnoll (D:2)
  An adder (D:2)
  2 dart slugs (D:1)
  4 endoplasms
  A giant cockroach (D:1)
  2 goblins (D:1)
  A hobgoblin (D:1)
  3 ball pythons (D:1)
  2 bats
  A frilled lizard (D:1)
18 creatures vanquished.

Vanquished Creatures (others)
  3 fungi (D:1)
  4 plants (D:1)
7 creatures vanquished.

Grand Total: 25 creatures vanquished

Notes
Turn   | Place    | Note
-------+----------+-------------------------------------------
     0 | D:1      | NinjaNoafa the Hill Orc Monk began the quest for the Orb.
     0 | D:1      | Reached XP level 1. HP: 19/19 MP: 1/1
   265 | D:1      | Found Uropasuh's Armour Emporium.
   343 | D:1      | Reached skill level 1 in Armour
   343 | D:1      | Reached XP level 2. HP: 18/27 MP: 2/2
   509 | D:1      | Found a faded altar of an unknown god.
   631 | D:1      | You fall into a shaft and drop 1 floor!
   640 | D:2      | Reached XP level 3. HP: 23/33 MP: 3/3
   886 | D:2      | Slain by a gnoll

Illustrated notes

Levels and vault maps discovered:
D:1:      minmay_arrival_doors, layout_loops_ring, serial_shops, shop,
          shapermc_ecumenical_altar_gd
D:2:      layout_loops_cross, chequers_serial_rivers_micro_e,
          serial_bayou_crossing

Skill      XL: |  1  2  3 |
---------------+----------+-----
Armour         | 1 2 |  2.1
Fighting       | 4 |  4.1
Axes           | |  4.5
Dodging        | |  2.4
Stealth        | |  1.5

Action                   || total
-------------------------++-------
Melee: Hand axe          ||    72
       Punch             ||     1
  Use: Potion            ||     3
 Stab: Sleeping          ||     1
Armor: Robe              ||     6
       Scale mail        ||    24
Dodge: Dodged            ||    41
